 Dungeon Crawl Stone Soup version 0.30.0-19-g36f170ea60 (webtiles) character file.

Game seed: 16258703688674132825

149 cheesebisquit the Shooter (level 5, 0/37 HPs)
             Began as a Barachi Hexslinger on May 27, 2023.
             Slain by an orc priest
             ... wielding a +0 flail
              (4 damage)
             ... on level 3 of the Dungeon.
             The game lasted 00:11:22 (2415 turns).

cheesebisquit the Shooter (Barachi Hexslinger)      Turns: 2415, Time: 00:11:22

Health: 0/37       AC:  2    Str: 11    XL:     5   Next: 31%
Magic:  6/6        EV: 12    Int: 13    God:
Gold:   123        SH:  0    Dex: 15    Spells: 5/6 levels left

rFire   . . .        a - +1 sling
rCold   . . .        (no shield)
rNeg    . . .        c - +0 robe
rPois   .            (no helmet)
rElec   .            (no cloak)
rCorr   .            (no gloves)
SInv    .            (no boots)
Will    .....        (no amulet)
Stlth   +            m - +4 ring of slaying
HPRegen 0.26/turn    r - ring of flight
MPRegen 0.10/turn

%: no passive effects
@: flying, slow
A: amphibious, slowness 1, strong legs 1, +LOS
a: Hop


You were on level 3 of the Dungeon.
You visited 1 branch of the dungeon, and saw 3 of its levels.

You collected 123 gold pieces.

Inventory:

Hand Weapons
 a - a +1 sling (weapon)
 l - a +0 dagger of venom
Missiles
 j - 5 javelins
 p - 4 poisoned darts
Armour
 c - a +0 robe (worn)
 f - a +0 ring mail
Jewellery
 m - a +4 ring of slaying (left hand)
 r - a ring of flight (right hand)
Wands
 n - a wand of mindburst (18)
Scrolls
 b - a scroll of poison
 e - a scroll of blinking {unknown}
 h - a scroll of vulnerability {unknown}
 q - a scroll of immolation {unknown}
Potions
 d - a potion of haste {unknown}
 g - 2 potions of brilliance {unknown}
 i - a potion of curing {unknown}
 k - a potion of flight {unknown}
 o - a potion of mutation {unknown}


   Skills:
 - Level 1.2 Fighting
 + Level 5.3 Ranged Weapons
 - Level 2.1 Dodging
 - Level 1.1 Spellcasting
 - Level 3.2 Hexes


You had 5 spell levels left.
You knew the following spells:

 Your Spells              Type           Power      Damage    Failure   Level
a - Slow                  Hex            36%        N/A       8%          1

Your spell library contained the following spells:

 Spells                   Type           Power      Damage    Failure   Level
 Inner Flame              Hex/Fire       4%         N/A       38%         3
 Portal Projectile        Hex/Tloc       8%         N/A       38%         3
 Cause Fear               Hex            4%         N/A       58%         4


Dungeon Overview and Level Annotations

Branches:
Dungeon (3/15)

Altars:
Gozag

Annotations:
D:1 exclusion: downstairs
D:2 Sigmund
D:3 Ijyb


Innate Abilities, Weirdness & Mutations

You are amphibious.
You cover ground slowly.
You can hop short distances.
You have an extended range of vision and can be seen from far away.


Message History

You shoot a sling bullet. The orc priest shouts!
The sling bullet hits the orc priest.
The orc priest is moderately wounded.
You hear a shout! x2
The orc priest invokes the aid of Beogh against you.
Pain shoots through your body!
You shoot a sling bullet. The orc shouts!
The sling bullet hits the orc priest.
The orc priest is heavily wounded.
The orc priest mumbles some strange prayers to Beogh against you.
Beogh smites you!
* * * LOW HITPOINT WARNING * * *
Okay, then.
Aiming: Slow (safe; 8% risk of failure)
Press: ? - help, Q - select action, (/) - cycle Shift-Dir - straight line, f/p - orc priest
Aim: an orc priest, wielding a +0 flail and wearing a +0 chain mail (heavily wounded, chance to affect: 43%)
Okay, then.
You are too injured to fight recklessly!
Fire: a) +1 sling
Press: ? - help, Shift-Dir - straight line, f/p - orc priest
Aim: an orc priest, wielding a +0 flail and wearing a +0 chain mail (heavily wounded, 71% to hit)
You shoot a sling bullet.
The sling bullet hits the orc priest but does no damage.
The orc priest is heavily wounded.
Fire: a) +1 sling
Press: ? - help, Shift-Dir - straight line, f/p - orc priest
Aim: an orc priest, wielding a +0 flail and wearing a +0 chain mail (heavily wounded, 71% to hit)
You shoot a sling bullet. The sling bullet hits the orc priest.
The orc priest is severely wounded.
You shoot a sling bullet.
The sling bullet hits the orc priest but does no damage.
The orc priest is severely wounded.
The orc priest closely misses you.
There is a stone staircase leading up here.
The orc hits you with a +0 flail!
* * * LOW HITPOINT WARNING * * *
The orc priest hits you with a +0 flail.
You die...

#~~..............~~#
#.#
##~~............~~##
#.#
###~~.....^....~~##
#.# #
#~~........~~### #.#
# #~~.....[~~##.#
#.# #
~~~~~###.#####.# #
### #...)....# #
#.## #.########
###### #.##.#@....#
'....# #.##.oo###.#
####.# #.##..## #
#.# ##.##o.# # #.#
......# ####.#
##...## .....#
##..#. ###..# #...##
..#..# #.#.#


You could see an orc priest, an orc wizard and an orc.

Vanquished Creatures
  Jessica (D:2)
  Robin (D:3)
  4 adders
  3 worms
  4 dart slugs
  4 ball pythons
  5 bats
  6 endoplasms
  A giant cockroach (D:1)
  9 goblins
  8 hobgoblins
  2 jackals (D:1)
  A frilled lizard (D:1)
  5 kobolds
  8 rats
62 creatures vanquished.

Notes
Turn   | Place    | Note
-------+----------+-------------------------------------------
     0 | D:1      | cheesebisquit the Barachi Hexslinger began the quest for
                  | the Orb.
     0 | D:1      | Reached XP level 1. HP: 15/15 MP: 2/2
    84 | D:1      | Reached XP level 2. HP: 17/21 MP: 3/3
   375 | D:1      | Reached skill level 3 in Ranged Weapons
   730 | D:2      | Reached XP level 3. HP: 26/26 MP: 2/4
   770 | D:2      | Noticed Jessica
   782 | D:2      | Killed Jessica
   783 | D:2      | Reached skill level 4 in Ranged Weapons
   787 | D:2      | Reached XP level 4. HP: 27/32 MP: 5/5
  1334 | D:2      | Noticed Sigmund
  1650 | D:2      | Found an opulent altar of Gozag.
  1856 | D:3      | Noticed Robin
  1858 | D:3      | Killed Robin
  1862 | D:3      | Reached skill level 5 in Ranged Weapons
  1866 | D:3      | Reached XP level 5. HP: 37/37 MP: 6/6
  2050 | D:3      | Noticed Ijyb
  2415 | D:3      | Slain by an orc priest

Illustrated notes

Levels and vault maps discovered:
D:1:      minmay_arrival_shattered_statue, layout_rooms, roderic_lattice_a
D:2:      layout_loops_cross, basic_altar, bh_walls_and_bars, uniq_jessica,
          uniq_sigmund
D:3:      layout_basic, kennysheep_cross_room, uniq_robin, uniq_ijyb

Skill      XL: |  1  2  3  4 |
---------------+-------------+-----
Ranged Weapons | 3 4 5 |  5.3
Fighting       | |  1.2
Dodging        | |  2.1
Spellcasting   | |  1.1
Hexes          | |  3.2

Action                     |  1- 3 |  4- 6 || total
---------------------------+-------+-------++-------
   Fire: Sling             |    79 |   148 ||   227
   Cast: Slow              |     2 |    18 ||    20
Ability: Hop               |       |     2 ||     2
    Use: Potion            |       |     1 ||     1
 Armour: Robe              |    10 |    18 ||    28
  Dodge: Dodged            |    35 |    68 ||   103
